 Dungeon Crawl Stone Soup version 0.23-a0-451-g1044d4c (webtiles) character file.

54 galech the Skirmisher (level 3, 0/29 HPs)
             Began as a Demonspawn Fighter on Nov 23, 2018.
             Splashed by a jelly's acid (5 damage)
             ... on level 2 of the Dungeon.
             The game lasted 00:00:58 (765 turns).

galech the Skirmisher (Demonspawn Fighter)           Turns: 765, Time: 00:00:58

Health: 0/29       AC:  3    Str: 16    XL:     3   Next: 66%
Magic:  3/3        EV:  6    Int:  9    God:
Gold:   66         SH:  9    Dex: 13    Spells: 2/2 levels left

rFire    . . .     SeeInvis .   a - +0 war axe
rCold    . . .     Gourm    .   c - +0 shield
rNeg     . . .     Faith    .   b - +0 scale mail
rPois    .         Spirit   .   (no helmet)
rElec    .         Reflect  .   n - +0 cloak
rCorr    .         Harm     .   (no gloves)
MR       .....                  (no boots)
Stlth    ..........             (no amulet)
HPRegen  0.09/turn              k - ring of attention (curse)
MPRegen  0.08/turn              (no ring)

@: corroded
A: rot immunity
a: no special abilities


You were on level 2 of the Dungeon.
You were not hungry.

You visited 1 branch of the dungeon, and saw 2 of its levels.

You collected 66 gold pieces.

Inventory:

Hand Weapons
 a - a +0 war axe (weapon)
Armour
 b - a +0 scale mail (worn)
 c - a +0 shield (worn)
 n - a +0 cloak (worn)
Jewellery
 k - a cursed ring of attention (left hand)
Scrolls
 e - 2 scrolls of fog {unknown}
 l - a scroll of teleportation {unknown}
 m - a scroll of remove curse {unknown}
Potions
 d - 2 potions of might
 g - a potion of lignification {unknown}
 h - 3 potions of curing {unknown}
 j - 2 potions of resistance {unknown}
Comestibles
 f - 4 rations
 i - 5 chunks of flesh


   Skills:
 + Level 3.4 Fighting
 + Level 2.7 Axes
 + Level 3.0 Armour
 + Level 0.1 Dodging
 + Level 3.0 Shields


You had 2 spell levels left.
You didn't know any spells.
Your spell library was empty.

Dungeon Overview and Level Annotations

Branches:
Dungeon (2/15)

Altars:
Xom


Innate Abilities, Weirdness & Mutations

You are immune to rotting.


Message History

You are too injured to fight recklessly!
You are too injured to fight recklessly!
You are too injured to fight recklessly!
You are too injured to fight recklessly!
You are too injured to fight recklessly!
You are too injured to fight recklessly!
You are too injured to fight recklessly!
You are too injured to fight recklessly!
You are too injured to fight recklessly!
You are too injured to fight recklessly!
You are too injured to fight recklessly!
You are too injured to fight recklessly!
You are too injured to fight recklessly!
You hit the jelly but do no damage.
Your hands burn!
The jelly is moderately wounded.
The jelly hits you.
You are splashed with acid!
The acid burns!
* * * LOW HITPOINT WARNING * * *
The jelly barely misses you.
You slash the jelly!
Your hands burn!
You die...

## #...########....
##### ##.## .....#
#.## #..._... ####.##
#.......# #.....#
##+##+##+# #.##..#
##.##.##.# #......
##J##รท##'#####.##..#
#..@...............#
#.........####......
#.........# #.#...#
#.######.## #......
#. #.# #...... .. #.#
####.## ## #.# .# #.#
# #.#


You could see a jelly.

Vanquished Creatures
  A jelly (D:2)
  An ooze (D:2)
  A leopard gecko (D:1)
  A giant cockroach (D:1)
  5 hobgoblins
  An iguana (D:2)
  A bat (D:1)
  A frilled lizard (D:2)
  2 kobolds (D:1)
  5 rats (D:1)
19 creatures vanquished.

Notes
Turn   | Place    | Note
-------+----------+-------------------------------------------
     0 | D:1      | galech the Demonspawn Fighter began the quest for the Orb.
     0 | D:1      | Reached XP level 1. HP: 18/18 MP: 1/1
   272 | D:1      | Gained mutation: You are immune to rotting. [demonic
                  | ancestry]
   272 | D:1      | Reached XP level 2. HP: 22/24 MP: 2/2
   712 | D:2      | Found a shimmering altar of Xom.
   750 | D:2      | Reached XP level 3. HP: 27/29 MP: 3/3
   765 | D:2      | Splashed by a jelly's acid

Vault maps used:
D:1:      dpeg_arrival_arbitrary_b
D:2:      regret_index_temple_of_mockery, dk_xom_monty_hall, uniq_natasha

Skill      XL: |  1  2 |
---------------+-------+-----
Axes           | 2 |  2.7
Armour         | 3 |  3.0
Shields        | 3 |  3.0
Fighting       | |  3.4
Dodging        | |  0.1

Action                   || total
-------------------------++-------
Melee: War axe           ||    53
Armor: Scale mail        ||    20
Dodge: Dodged            ||    15
Block: Shield            ||    15

Table legend:
 A = Non-vault XP
 B = Vault XP
 C = Vault XP percentage of total XP
 D = Non-vault monster count
 E = Vault monster count
 F = Vault count percentage of total count
                 A         B        C        D         E       F
            +---------+---------+-------+---------+---------+-------
      Total |      31 |      47 |  60.3 |      17 |       2 |  10.5
            +---------+---------+-------+---------+---------+-------
        D:1 |      19 |       0 |   0.0 |      13 |       0 |   0.0
        D:2 |      12 |      47 |  79.7 |       4 |       2 |  33.3
            +---------+---------+-------+---------+---------+-------
